 Dungeon Crawl Stone Soup version 0.29-a0-834-g1e95ca9f62 (webtiles) character file.

Game seed: 13817924867232766288

581 kevlar127 the Ruffian (level 7, -7/108 HPs)
             Began as a Troll Berserker on July 13, 2022.
             Was a Priest of Trog.
             Mangled by a gnoll
             ... wielding a +0 spear
             ... led by a gnoll bouda
              (9 damage)
             ... on level 5 of the Dungeon.
             The game lasted 00:04:51 (3454 turns).

kevlar127 the Ruffian (Troll Berserker)             Turns: 3454, Time: 00:04:51

Health: -7/108     AC:  4    Str: 28    XL:     7   Next: 14%
Magic:  6/6        EV: 10    Int:  3    God:    Trog [***...]
Gold:   270        SH:  0    Dex:  9    Spells: 6/6 levels left

rFire   . . .      SeeInvis .     - Unarmed
rCold   + . .      Faith    .   (no shield)
rNeg    . . .      Spirit   .   a - +0 animal skin
rPois   .          Reflect  .   (helmet restricted)
rElec   .          Harm     .   (no cloak)
rCorr   .          Rampage  .   (gloves unavailable)
Will    .....                   (boots unavailable)
Stlth   ..........              (no amulet)
HPRegen 1.08/turn               u - ring of protection from cold
MPRegen 0.10/turn               (no ring)

@: berserking (expiring), very quick
A: large, unfitting armour, claws 3, regeneration 1, shaggy fur 1, tough skin 1
a: Renounce Religion, Berserk, Trog's Hand


You were on level 5 of the Dungeon.
You worshipped Trog.
Trog was most pleased with you.
You visited 1 branch of the dungeon, and saw 5 of its levels.

You collected 270 gold pieces.

Inventory:

Missiles
 f - 4 javelins (quivered)
 g - 52 stones
 h - 16 poisoned darts
Armour
 a - a +0 animal skin (worn)
Jewellery
 i - a ring of fire
 u - a ring of protection from cold (left claw)
Wands
 l - a wand of quicksilver (3)
 n - a wand of charming (11)
 o - a wand of iceblast (3)
 p - a wand of flame (14)
Scrolls
 b - 3 scrolls of identify {unknown}
 d - 2 scrolls of brand weapon {unknown}
 j - a scroll of magic mapping {unknown}
 k - 4 scrolls of teleportation {unknown}
 r - a scroll of immolation {unknown}
 v - a scroll of fear {unknown}
 w - a scroll of amnesia {unknown}
 x - a scroll of fog {unknown}
 y - a scroll of torment {unknown}
Potions
 c - 3 potions of curing {unknown}
 e - 2 potions of brilliance {unknown}
 m - a potion of heal wounds {unknown}
 q - 2 potions of lignification {unknown}
 s - a potion of berserk rage {unknown}
 t - 2 potions of might {unknown}


   Skills:
 + Level 5.0 Fighting
 + Level 1.3 Throwing
 - Level 2.4 Dodging
 + Level 6.0 Unarmed Combat


You had 6 spell levels left.
You didn't know any spells.
Your spell library was empty.

Dungeon Overview and Level Annotations

Branches:
Dungeon (5/15)
 Temple: D:4-7

Altars:
Cheibriados


Innate Abilities, Weirdness & Mutations

You are too large for most types of armour.
You have claws for hands.
Your natural rate of healing is unusually fast.
You are covered in fur. (AC +1)
You have tough skin. (AC +1)


Message History

Trog accepts your kill.
The gnoll hits you from afar with a +0 spear.
The gnoll barely misses you.
The gnoll hits you from afar with a +0 spear.
The gnoll hits you from afar with a +0 spear!
* * * LOW HITPOINT WARNING * * *
You see here a +0 flail.
The gnoll hits you from afar with a +0 spear.
* * * LOW HITPOINT WARNING * * *
The gnoll is no longer moving quickly.
The gnoll misses you. The gnoll hits you with a +0 spear!
* * * LOW HITPOINT WARNING * * *
The gnoll misses you.
A red film seems to cover your vision as you go berserk!
You feel yourself moving faster!
You feel mighty!
The gnoll hits you from afar with a +0 spear.
* * * LOW HITPOINT WARNING * * *
The gnoll misses you. The gnoll hits you with a +0 spear.
* * * LOW HITPOINT WARNING * * *
You claw the gnoll!
You kill the gnoll!
Trog accepts your kill.
Unknown command.
You claw the gnoll!
The gnoll is heavily wounded.
The gnoll hits you but does no damage. The gnoll hits you with a +0 spear.
* * * LOW HITPOINT WARNING * * *
Unknown command.
You barely miss the gnoll.
The gnoll is heavily wounded.
The gnoll hits you from afar with a +0 spear!
* * * LOW HITPOINT WARNING * * *
You barely miss the gnoll.
The gnoll is heavily wounded.
The gnoll barely misses you.
You mangle the gnoll!!
You kill the gnoll!
Trog accepts your kill.
The gnoll hits you from afar with a +0 spear!
You die...

.... #. ...# #..
... #... ..####....
....... #.... ###
##g.# ##.# #.))#
#..## #.@## ##...#
###..##
#....###.....#
..###.........#..#
...........########
.#######..## #.####
#..# ##...## ##.#
#.....### #.#
#..##...###


You could see a gnoll.

Vanquished Creatures
  Edmund (D:4)
  A centaur (D:5)
  A scorpion (D:4)
  A gnoll bouda (D:5)
  A hound (D:5)
  Terence (D:3)
  An iguana (D:4)
  A mummy (D:3)
  3 gnolls (D:5)
  8 adders
  4 worms
  4 dart slugs
  An orc (D:4)
  7 endoplasms
  2 giant cockroaches (D:4)
  9 hobgoblins
  2 jackals (D:1)
  2 quokkas
  9 ball pythons
  7 bats
  9 frilled lizards
  7 goblins
  7 kobolds
  9 rats
98 creatures vanquished.

Notes
Turn   | Place    | Note
-------+----------+-------------------------------------------
     0 | D:1      | kevlar127 the Troll Berserker began the quest for the Orb.
     0 | D:1      | Reached XP level 1. HP: 22/22 MP: 0/0
   148 | D:1      | Reached XP level 2. HP: 29/29 MP: 1/1
   173 | D:1      | Found a faded altar of an unknown god.
   356 | D:1      | Reached ** piety under Trog
   466 | D:1      | Reached XP level 3. HP: 37/37 MP: 2/2
  1100 | D:2      | Reached skill level 4 in Unarmed Combat
  1101 | D:2      | Reached XP level 4. HP: 43/45 MP: 3/3
  1828 | D:3      | Noticed Terence
  1850 | D:3      | Killed Terence
  2057 | D:3      | Found a snail-covered altar of Cheibriados.
  2067 | D:3      | Reached XP level 5. HP: 54/54 MP: 4/4
  2664 | D:4      | Reached skill level 5 in Unarmed Combat
  2855 | D:4      | Noticed Edmund
  2868 | D:4      | Killed Edmund
  2869 | D:4      | Reached XP level 6. HP: 32/63 MP: 5/5
  3070 | D:4      | Reached *** piety under Trog
  3325 | D:5      | Entered Level 5 of the Dungeon
  3436 | D:5      | Reached skill level 1 in Throwing
  3436 | D:5      | Reached XP level 7. HP: 61/71 MP: 6/6
  3441 | D:5      | Reached skill level 5 in Fighting
  3441 | D:5      | Reached skill level 6 in Unarmed Combat
  3452 | D:5      | HP: 1/108 [gnoll/+0 spear[a gnoll bouda] (7)]
  3454 | D:5      | Mangled by a gnoll

Illustrated notes

Levels and vault maps discovered:
D:1:      eino_arrival_tree_alley, layout_basic,
          hellmonk_ecumenical_altar_slurped_away,
          nicolae_concentric_dashed_squares_wild, chequers_serial_rivers_large_b
D:2:      layout_basic
D:3:      kennysheep_big_flooded_room, layout_loops_ring, slow_altar_1,
          uniq_terence
D:4:      layout_basic, minmay_misc_feat_tower, uniq_edmund
D:5:      layout_layer_cave

Skill      XL: |  1  2  3  4  5  6  7 |
---------------+----------------------+-----
Fighting       | 3 4 5 |  5.0
Unarmed Combat | 4 5 6 |  6.0
Throwing       | 1 |  1.3
Dodging        | |  2.4

Action                   |  1- 3 |  4- 6 |  7- 9 || total
-------------------------+-------+-------+-------++-------
Melee: Unarmed           |   103 |   154 |    14 ||   271
       Punch             |     2 |     4 |       ||     6
Invok: Berserk           |       |     2 |     1 ||     3
       Trog's Hand       |       |     2 |       ||     2
 Stab: Sleeping          |     1 |     1 |       ||     2
Armor: Animal skin       |    35 |    58 |     5 ||    98
Dodge: Dodged            |    44 |    72 |    15 ||   131

Table legend: (Time is in decaauts)
 A = Elapsed time spent in this place.
 B = Non-inter-level travel time spent in this place.
 C = Inter-level travel time spent in this place.
 D = Time resting spent in this place.
 E = Time spent auto-exploring this place.
 F = Levels seen in this place.
 G = Mean time per level.
                   A        B        C        D        E       F      G
               +--------+--------+--------+--------+--------+-----+--------+
         Total |   3469 |   3375 |     94 |    284 |   2520 |   5 |  693.8 |
       Dungeon |   3469 |   3375 |     94 |    284 |   2520 |   5 |  693.8 |
               +--------+--------+--------+--------+--------+-----+--------+

Top non-repeatable levels by time:
     D:1: 883 daAuts
     D:3: 840 daAuts
     D:4: 813 daAuts
     D:2: 806 daAuts
     D:5: 125 daAuts
